 Dungeon Crawl Stone Soup version 0.31-a0-521-gc7390f8997 (webtiles) character file.

Game seed: 3390642432744815610

5 whermst the Sneak (level 1, -1/14 HPs)
             Began as a Kobold Delver on Aug 10, 2023.
             Slain by a kobold
             ... wielding a +1 whip of electrocution
              (5 damage)
             ... on level 6 of the Dungeon.
             The game lasted 00:03:21 (383 turns).

whermst the Sneak (Kobold Delver)                    Turns: 383, Time: 00:03:22

Health: -1/14      AC:  5    Str:  9    XL:     1   Next: 88%
Magic:  1/1        EV: 13    Int: 11    God:
Gold:   18         SH:  0    Dex: 16    Spells: 0/0 levels left

rFire   . . .        i - +2 short sword (freeze)
rCold   . . .        (no shield)
rNeg    . . .        h - +0 ring mail
rPois   .            (no helmet)
rElec   .            (no cloak)
rCorr   .            (no gloves)
SInv    .            (no boots)
Will    .....        (no amulet)
Stlth   ++++         (no ring)
HPRegen 0.22/turn    (no ring)
MPRegen 0.07/turn

%: no passive effects
@: no status effects
A: small, no large weapons, nightstalker 3
a: no special abilities


You were on level 6 of the Dungeon.
You visited 1 branch of the dungeon, and saw 4 of its levels.

You collected 18 gold pieces.

Inventory:

Hand Weapons
 a - a +0 short sword
 i - a +2 short sword of freezing (weapon)
Missiles
 e - 4 stones (quivered)
Armour
 b - a +0 leather armour
 h - a +0 ring mail (worn)
Wands
 g - a wand of digging (3)
Scrolls
 c - a scroll of fog
 d - a scroll of revelation
Potions
 f - a potion of haste


   Skills:
 + Level 3.3 Fighting
 + Level 2.7 Short Blades
 + Level 2.4 Dodging
 + Level 6.9 Stealth


You couldn't memorise any spells.
You didn't know any spells.
Your spell library was empty.

Dungeon Overview and Level Annotations

Branches:
Dungeon (6/15)
 Temple: D:4-7

Altars:


Innate Abilities, Weirdness & Mutations

You are small and have problems with some larger weapons.
You are completely attuned to the shadows.


Message History

You closely miss the kobold. The kobold misses you.
You hit the kobold but do no damage. The kobold barely misses you.
You hit the kobold.
You kill the kobold!
Things that are here:
a +0 whip; 4 stones
Things that are here:
a +0 whip; 4 stones
e - 4 stones You hit the kobold.
The kobold is severely wounded.
The kobold barely misses you.
You hit the kobold.
You kill the kobold!
Things that are here:
a +2 short sword of freezing; a kobold corpse
i - a +2 short sword of freezing Your +2 short sword of freezing glows with a cold blue light!
i - a +2 short sword of freezing (weapon)
A kobold comes into view. It is wielding a +0 short sword.
A kobold comes into view. It is wielding a +0 short sword.
Found a human corpse.
A kobold comes into view. It is wielding a +0 dagger.
The kobold moves out of view.
A kobold comes into view.
It is wielding a +1 whip of electrocution.
Found a human corpse and an orange potion.
The kobold moves out of view.
A kobold comes into view. It is wielding a +0 club.
A kobold comes into view. It is wielding a +0 dagger.
The kobold shouts!
You hear a shout! x2
The kobold throws a stone.
The stone hits you but does no damage.
You see here a kobold corpse.
The kobold attacks as you move away! The kobold hits you but does no damage.
You are electrocuted!
Ouch! That really hurt!
* * * LOW HITPOINT WARNING * * *
You see here a +0 whip.
The kobold attacks as you move away!
The kobold hits you with a +1 whip of electrocution.
You die...

#♣..P♣..♣!.
###♣P.♣.....K.
##.♣.♣.P....K..
.#######@K♣.♣.........
.......)♣.K........††.
..##.######PP♣♣.......
#.# ###P♣....... ....
#.# #P.P♣P... #..# #.#
#P.P♣♣♣.. #..# #.#
.###..####.######
................##


You could see 2 kobolds.

Vanquished Creatures
  A goblin (D:3)
  4 kobolds (D:6)
5 creatures vanquished.

Vanquished Creatures (others)
  A kobold (D:6)
1 creature vanquished.

Grand Total: 6 creatures vanquished

Notes
Turn   | Place    | Note
-------+----------+-------------------------------------------
     0 | D:5      | whermst the Kobold Delver began the quest for the Orb.
     0 | D:5      | Reached XP level 1. HP: 14/14 MP: 1/1
     8 | D:5      | Noticed a +0 short sword
     8 | D:5      | Noticed a +0 short sword
     8 | D:5      | Noticed a +0 dagger
     9 | D:5      | Noticed a +0 spear
    10 | D:5      | Noticed a +0 falchion
    12 | D:5      | Noticed a hound
    12 | D:5      | Noticed a +0 falchion
    13 | D:5      | Noticed a +0 dagger
    13 | D:5      | Noticed a +0 spear
    35 | D:5      | Noticed a phantom
   226 | D:6      | Noticed a phantom
   383 | D:6      | Slain by a kobold

Illustrated notes

Levels and vault maps discovered:
D:3:      layout_rooms, nicolae_tso_carved_into_rock, overflow_temple_1_default,
          dreamdust_ecumenical_altar_sealed_demon, minmay_misc_feat_enclosed,
          uniq_natasha
D:4:      layout_loops_corners, cheibriados_altar_1,
          amethyst_overflow_temple_binary, nicolae_shop_gadgets, uniq_robin,
          uniq_pikel
D:5:      layout_loops_ring, kennysheep_little_box, nicolae_uskayaw_en_pointe,
          temple_doors_e
D:6:      kennysheep_kobold_camp, layout_loops_ring,
          nicolae_overflow_crystal_walls, uniq_jeremiah, uniq_blork_the_orc

Action                     || total
---------------------------++-------
  Melee: Short sword       ||    38
    Use: Scroll            ||     1
 Armour: Ring mail         ||     5
  Dodge: Dodged            ||    11

Table legend: (Time is in decaauts)
 A = Elapsed time spent in this place.
 B = Non-inter-level travel time spent in this place.
 C = Inter-level travel time spent in this place.
 D = Time resting spent in this place.
 E = Time spent auto-exploring this place.
 F = Levels seen in this place.
 G = Mean time per level.
                   A        B        C        D        E       F      G
               +--------+--------+--------+--------+--------+-----+--------+
         Total |    377 |    360 |     17 |      0 |      0 |   4 |   94.2 |
       Dungeon |    377 |    360 |     17 |      0 |      0 |   4 |   94.2 |
               +--------+--------+--------+--------+--------+-----+--------+

Top non-repeatable levels by time:
     D:6: 204 daAuts
     D:5: 110 daAuts
     D:4: 34 daAuts
     D:3: 28 daAuts
